 Dungeon Crawl Stone Soup version 0.22-a0-247-gbddf880 (webtiles) character file.

949 nikopol the Magician (level 7, -1/38 HPs)
             Began as a Deep Elf Fire Elementalist on Feb 23, 2018.
             Was an Initiate of Sif Muna.
             Shot with an arrow by a centaur (8 damage)
             ... on level 6 of the Dungeon on Feb 24, 2018.
             The game lasted 00:21:44 (5839 turns).

nikopol the Magician (Deep Elf Fire Elementalist)   Turns: 5839, Time: 00:21:46

Health: -1/38      AC:  5    Str:  7    XL:     7   Next: 90%
Magic:  10/20      EV: 13    Int: 25    God:    Sif Muna [......]
Gold:   320        SH:  0    Dex: 15    Spells: 6/21 levels left

rFire    + . .     SeeInvis .   i - +11 falchion of Res Nullius {freeze, Str+2 Int+3}
rCold    . . .     Gourm    .   (no shield)
rNeg     . . .     Faith    .   a - +0 robe
rPois    .         Spirit   .   u - +1 helmet
rElec    .         Reflect  .   l - +0 cloak
rCorr    .         Harm     .   (no gloves)
MR       .....                  (no boots)
Stlth    ++........             (no amulet)
HPRegen  0.12/turn              s - ring of protection from fire
MPRegen  0.17/turn              (no ring)

@: very slightly contaminated
A: no striking features
a: Renounce Religion


You were on level 6 of the Dungeon.
You worshipped Sif Muna.
Sif Muna was noncommittal.
You were not hungry.

You visited 2 branches of the dungeon, and saw 7 of its levels.

You collected 320 gold pieces.

Inventory:

Hand Weapons
 i - the +11 falchion of Res Nullius (weapon) {freeze, Str+2 Int+3}
   (You found it on level 4 of the Dungeon)

   It has been specially enchanted to freeze those struck by it, causing extra
   injury to most foes and up to half again as much damage against particularly
   susceptible opponents.
   It can also slow down cold-blooded creatures.
   It affects your strength (+2).
   It affects your intelligence (+3).
Armour
 a - a +0 robe (worn)
 l - a +0 cloak (worn)
 u - a +1 helmet (worn)
Jewellery
 s - a ring of protection from fire (left hand)
Scrolls
 c - 7 scrolls of identify {unknown}
 e - a scroll of random uselessness {unknown}
 f - 3 scrolls of fog {unknown}
 h - 2 scrolls of magic mapping {unknown}
 j - 5 scrolls of teleportation {unknown}
 m - a scroll of immolation {unknown}
 n - 2 scrolls of remove curse {unknown}
 o - a scroll of amnesia {unknown}
 r - 3 scrolls of enchant armour {unknown}
 t - 2 scrolls of blinking {unknown}
Potions
 d - a potion of brilliance {unknown}
 g - 2 potions of heal wounds {unknown}
 k - 2 potions of lignification {unknown}
 p - a potion of mutation {unknown}
 q - 3 potions of haste {unknown}
 v - a potion of agility {unknown}
Comestibles
 b - 10 rations


   Skills:
 + Level 1.0 Fighting
 + Level 3.0 Dodging
 + Level 3.5 Stealth
 + Level 7.5 Spellcasting
 + Level 5.3 Conjurations
 + Level 6.0 Fire Magic


You had 6 spell levels left.
You knew the following spells:

 Your Spells              Type           Power        Failure   Level  Hunger
a - Flame Tongue          Conj/Fire      #####        1%          1    None
b - Throw Flame           Conj/Fire      #####.       1%          2    None
c - Conjure Flame         Conj/Fire      #####...     1%          3    None
d - Fireball              Conj/Fire      #####.....   17%         5    #####..
e - Sticky Flame          Conj/Fire      #####...     6%          4    ###....


Dungeon Overview and Level Annotations

Branches:
Dungeon (6/15)             Temple (1/1) D:5

Altars:
Ashenzari
Dithmenos
Hepliaklqana
Kikubaaqudgha
Makhleb
Nemelex Xobeh
Qazlal
Sif Muna
Uskayaw
Vehumet
Zin
The Shining One

Shops:
D:4 (   D:5 (

Annotations:
D:3 Natasha


Message History

Aim: a centaur (resting)
The fireball explodes!
The fireball engulfs the centaur.
The centaur is lightly wounded.
The centaur shouts!
The bullfrog gives a loud, deep croak!
The centaur wields a shortbow.
The centaur shoots an arrow.
The arrow hits you.
Casting: Fireball (quite dangerous; 17% risk of failure)
Confirm with . or Enter, or press ? or * to list all spells.
Aiming: Fireball (quite dangerous; 17% risk of failure)
Press: ? - help, Shift-Dir - straight line, f/p - centaur
Aim: a centaur, wielding a shortbow (lightly wounded)
You miscast Fireball.
You are very lightly contaminated with residual magic.
There is a sudden explosion of magical energy!
The explosion engulfs you!
Ouch! That really hurt!
* * * LOW HITPOINT WARNING * * *
The centaur shoots an arrow.
The arrow hits you.
* * * LOW HITPOINT WARNING * * *
The centaur shoots an arrow.
The arrow hits you!
You die...

##.....##
##.......##
#.........#
#.......c.#
#.........##.
#..(.........
#..........#
#....@..?.#
#...F...%.#
#.........#
#..)......#
#......$(.#
##.......##
##.......
########.


You could see a bullfrog and a centaur.

Vanquished Creatures
  An ice beast (D:3)
  2 phantoms
  2 big kobolds (D:5)
  A scorpion (D:5)
  A howler monkey (D:4)
  A centaur zombie (D:5)
  A jelly (D:5)
  2 orc priests (D:4)
  An orc wizard (D:5)
  An iguana (D:4)
  Natasha (twice) (D:3)
  A worker ant (D:4)
  A howler monkey zombie (D:5)
  6 adders
  An ooze (D:4)
  An adder skeleton (D:4)
  An adder zombie (D:5)
  8 worms
  3 leopard geckos
  6 orcs
  2 ball pythons
  4 giant cockroaches
  10 hobgoblins
  9 jackals
  4 quokkas
  11 bats
  10 frilled lizards
  9 goblins
  17 kobolds
  8 rats
127 creatures vanquished.

Notes
Turn   | Place    | Note
-------+----------+-------------------------------------------
     0 | D:1      | nikopol the Deep Elf Fire Elementalist began the quest for the Orb.
     0 | D:1      | Reached XP level 1. HP: 10/10 MP: 6/6
   276 | D:1      | Reached XP level 2. HP: 15/15 MP: 6/8
   281 | D:1      | Learned a level 2 spell: Throw Flame
   929 | D:2      | Reached XP level 3. HP: 12/19 MP: 8/10
  1046 | D:2      | Learned a level 3 spell: Conjure Flame
  1660 | D:2      | Reached skill level 4 in Spellcasting
  1704 | D:2      | Reached XP level 4. HP: 24/24 MP: 7/12
  2895 | D:3      | Noticed Natasha
  2899 | D:3      | Killed Natasha
  2899 | D:3      | Reached XP level 5. HP: 28/28 MP: 10/14
  2918 | D:3      | Learned a level 5 spell: Fireball
  2991 | D:3      | Noticed Natasha
  2993 | D:3      | Killed Natasha
  2993 | D:3      | Reached skill level 5 in Spellcasting
  3065 | D:3      | Noticed an ice beast
  3073 | D:3      | Killed an ice beast
  3073 | D:3      | Reached skill level 5 in Fire Magic
  3073 | D:3      | Reached XP level 6. HP: 32/32 MP: 1/16
  3295 | D:3      | Noticed Natasha
  3518 | D:4      | Got an ancient falchion
  3519 | D:4      | Identified the +11 falchion of Res Nullius {freeze, Str+2 Int+3} (You found it on level 4 of the Dungeon)
  3548 | D:4      | Learned a level 4 spell: Sticky Flame
  3747 | D:4      | Reached skill level 6 in Spellcasting
  4029 | D:4      | Found Hetag's Weapon Shop.
  4172 | D:4      | Reached XP level 7. HP: 36/36 MP: 8/18
  4520 | D:5      | Entered Level 5 of the Dungeon
  4771 | D:5      | Found Manakh's Weapon Shoppe.
  5308 | D:5      | Found a sparkling altar of Nemelex Xobeh.
  5339 | D:5      | Reached skill level 5 in Conjurations
  5341 | D:5      | Reached skill level 7 in Spellcasting
  5549 | D:5      | Found a staircase to the Ecumenical Temple.
  5555 | Temple   | Entered the Ecumenical Temple
  5582 | Temple   | Became a worshipper of Sif Muna the Loreminder
  5752 | D:5      | Reached skill level 1 in Fighting
  5839 | D:6      | Shot with an arrow by a centaur

Vault maps used:
D:1:      lightli_molten_gateway
D:2:      cheibrodos_old_hovel, first_ration, minmay_tetromino_o4
D:3:      uniq_natasha
D:4:      serial_shops, shop
D:5:      cheibrodos_thug_alley, minmay_temple_entry_fiery, serial_shops,
          kennysheep_mini, nemelex_diamond_rough_becter
Temple:   compressed_dpeg_circular_temple

Skill      XL: |  1  2  3  4  5  6  7 |
---------------+----------------------+-----
Conjurations   | 2 3 4 5 |  5.3
Fire Magic     | 4 5 6 |  6.0
Spellcasting   | 4 5 6 7 |  7.5
Stealth        | 3 |  3.5
Dodging        | 3 |  3.0
Fighting       | 1 |  1.0

Action                   |  1- 3 |  4- 6 |  7- 9 || total
-------------------------+-------+-------+-------++-------
Melee: Dagger            |     2 |       |       ||     2
 Cast: Flame Tongue      |    85 |   126 |    62 ||   273
       Throw Flame       |     1 |     3 |     7 ||    11
       Conjure Flame     |     1 |     4 |     1 ||     6
       Sticky Flame      |       |     3 |     5 ||     8
       Fireball          |       |       |     1 ||     1
  Eat: Chunk             |     2 |     8 |     3 ||    13
       Ration            |       |       |     1 ||     1
Armor: Robe              |     5 |     3 |     2 ||    10
Dodge: Dodged            |    34 |    26 |     6 ||    66
       Rpst.: Falchion   |       |     2 |     1 ||     3

Table legend:
 A = Spawn XP
 B = Non-spawn XP
 C = Spawn XP percentage of total XP
 D = Spawn monster count
 E = Non-spawn monster count
 F = Spawn count percentage of total count
 G = Total turns spent on level
                    A         B        C        D         E        F      G
               +---------+---------+-------+---------+---------+-------+---------
         Total |       0 |    1357 |   0.0 |       0 |     127 |   0.0 |  5839
               +---------+---------+-------+---------+---------+-------+---------
           D:1 |       0 |      35 |   0.0 |       0 |      25 |   0.0 |   880
           D:2 |       0 |     112 |   0.0 |       0 |      37 |   0.0 |  1701
           D:3 |       0 |     273 |   0.0 |       0 |      26 |   0.0 |   884
           D:4 |       0 |     364 |   0.0 |       0 |      13 |   0.0 |  1086
           D:5 |       0 |     573 |   0.0 |       0 |      26 |   0.0 |  1228
               +---------+---------+-------+---------+---------+-------+---------
